 Dungeon Crawl Stone Soup version 0.27-a0-1248-g57ac2eb73c (webtiles) character file.

Game seed: 14792126248294032666

57 27snakeeyes612 the Skirmisher (level 4, 0/49 HPs)
             Began as an Ogre Fighter on June 10, 2021.
             Slain by a jelly (1 damage)
             ... on level 1 of the Dungeon.
             The game lasted 00:01:59 (2272 turns).

27snakeeyes612 the Skirmisher (Ogre Fighter)        Turns: 2272, Time: 00:02:00

Health: 0/49       AC: -1    Str: 21    XL:     4   Next: 0%
Magic:  4/4        EV:  8    Int:  9    God:
Gold:   56         SH:  8    Dex:  8    Spells: 3/3 levels left

rFire    . . .     SeeInvis .   o - +0 broad axe
rCold    . . .     Faith    .   c - +0 kite shield
rNeg     . . .     Spirit   .   b - +0 robe
rPois    .         Reflect  .   (helmet restricted)
rElec    .         Harm     .   (no cloak)
rCorr    .         Rampage  .   (gloves unavailable)
Will     .....                  (boots unavailable)
Stlth    +.........             (no amulet)
HPRegen  0.16/turn              (no ring)
MPRegen  0.09/turn              (no ring)

@: corroded
A: large, unfitting armour, tough skin 1
a: no special abilities


You were on level 1 of the Dungeon.
You visited 1 branch of the dungeon, and saw 2 of its levels.

You collected 56 gold pieces.

Inventory:

Hand Weapons
 a - a +0 war axe
 o - a +0 broad axe (weapon)
Armour
 b - a +0 robe (worn)
 c - a +0 kite shield (worn)
Jewellery
 f - an amulet of faith
 m - a ring of see invisible
Scrolls
 g - a scroll of torment {unknown}
 h - a scroll of magic mapping {unknown}
 i - a scroll of summoning {unknown}
 j - 2 scrolls of immolation {unknown}
 k - 2 scrolls of vulnerability {unknown}
 p - a scroll of enchant armour {unknown}
Potions
 d - 2 potions of might
 e - a potion of haste {unknown}
 l - a potion of flight {unknown}
 n - a potion of lignification {unknown}


   Skills:
 + Level 4.7 Fighting
 + Level 2.4 Axes
 + Level 3.1 Dodging
 + Level 3.2 Shields


You had 3 spell levels left.
You didn't know any spells.
Your spell library contained the following spells:

 Spells                   Type           Power      Damage    Failure   Level
 Freeze                   Ice            0%         1d3       80%         1
 Frozen Ramparts          Ice            0%         1d2       99%         3
 Ozocubu's Armour         Ice            0%         N/A       99%         3
 Hailstorm                Conj/Ice       0%         3d3       100%        4
 Metabolic Englaciation   Hex/Ice        0%         N/A       100%        5


Dungeon Overview and Level Annotations

Branches:
Dungeon (2/15)

Altars:


Innate Abilities, Weirdness & Mutations

You are too large for most types of armour.
You have tough skin. (AC +1)


Message History

The endoplasm hits the fungus.
The fungus begins to die.
The endoplasm hits the fungus. x2; The fungus begins to die.
You see here a rat skeleton.
The endoplasm quivers. x2
The endoplasm hits the fungus. x2
There is an open door here.
Things that are here:
a +1 short sword of draining; a kobold corpse
There is an open door here.
The jelly jiggles.
There is an open gate here.
Things that are here:
a +0 club; a kobold skeleton
Things that are here:
a +0 dagger; a kobold skeleton
Things that are here:
a +0 short sword; a +0 dagger; a kobold skeleton Unknown command.
There is an open door here.
There is an open door here.
There is a stone staircase leading up here.
You slash the jelly!
Your hands burn!
The jelly is heavily wounded.
The jelly hits you but does no damage. The jelly hits you.
The acid corrodes you!
You are splashed with acid!
You hit the jelly.
Your hands burn!
The jelly is heavily wounded.
The jelly hits you.
You are splashed with acid!
The jelly hits you.
You are splashed with acid!
* * * LOW HITPOINT WARNING * * *
You climb upwards.
There is a stone staircase leading down here.
You completely miss the jelly.
The jelly is heavily wounded.
The jelly hits you.
* * * LOW HITPOINT WARNING * * *
You are splashed with acid.
* * * LOW HITPOINT WARNING * * *
The jelly hits you.
You die...

#...........######
#...........######
#...........รทรท....
#..........##.....
#..........''.....
#..........##.....
#.>........##.....
#..........##.....
#@J........##.....
#..........##.....
#..........##.....
#########'###.....
#.# #..... #.#
###### #.# ####.#
#....####


You could see a jelly.

Vanquished Creatures
  An adder (D:2)
  2 dart slugs
  5 ball pythons
  5 endoplasms
  5 goblins
  2 hobgoblins (D:1)
  4 jackals
  7 kobolds (D:2)
  3 quokkas
  A bat (D:1)
  A frilled lizard (D:2)
  A rat (D:1)
37 creatures vanquished.

Vanquished Creatures (others)
  7 fungi (D:2)
  10 toadstools (D:2)
17 creatures vanquished.

Grand Total: 54 creatures vanquished

Notes
Turn   | Place    | Note
-------+----------+-------------------------------------------
     0 | D:1      | 27snakeeyes612 the Ogre Fighter began the quest for the
                  | Orb.
     0 | D:1      | Reached XP level 1. HP: 24/24 MP: 1/1
   248 | D:1      | Reached XP level 2. HP: 32/32 MP: 2/2
  1165 | D:2      | Reached XP level 3. HP: 38/40 MP: 3/3
  1264 | D:2      | Found a faded altar of an unknown god.
  2213 | D:2      | Reached XP level 4. HP: 49/49 MP: 4/4
  2272 | D:1      | HP: 1/49 [acid (6)]
  2272 | D:1      | Slain by a jelly

Illustrated notes

Levels and vault maps discovered:
D:1:      scummos_arrival_simple_crosswalls, layout_basic
D:2:      cheibrodos_fertilizer, layout_basic, ebering_ecumenical_altar_box

Skill      XL: |  1  2 |
---------------+-------+-----
Shields        | 3 |  3.2
Dodging        | 3 |  3.1
Fighting       | |  4.7
Axes           | |  2.4

Action                   |  1- 3 |  4- 6 || total
-------------------------+-------+-------++-------
Melee: War axe           |    54 |       ||    54
       Broad axe         |    28 |     3 ||    31
 Stab: Sleeping          |     1 |       ||     1
Armor: Robe              |    29 |     1 ||    30
Dodge: Dodged            |    44 |       ||    44
Block: Kite shield       |    40 |       ||    40

Table legend: (Time is in decaauts)
 A = Elapsed time spent in this place.
 B = Non-inter-level travel time spent in this place.
 C = Inter-level travel time spent in this place.
 D = Time resting spent in this place.
 E = Time spent auto-exploring this place.
 F = Levels seen in this place.
 G = Mean time per level.
                   A        B        C        D        E       F      G
               +--------+--------+--------+--------+--------+-----+--------+
         Total |   2325 |   2264 |     61 |      0 |   1927 |   2 | 1162.5 |
       Dungeon |   2325 |   2264 |     61 |      0 |   1927 |   2 | 1162.5 |
               +--------+--------+--------+--------+--------+-----+--------+

Top non-repeatable levels by time:
     D:1: 1167 daAuts
     D:2: 1157 daAuts
